AoeStats
← sksarthak

Glade

510312733Analyzed
1v1 RM · 22h ago on Sep 30, 2026· 40m 59s· 2 players
Game mode
Random Map
Map size
Tiny (2 player)
Population
200
Speed
Normal
Resources
Standard
Victory
Conquest
Starting age
Dark Age
Ending age
Imperial Age
RankedLock teamsTeams togetherTeam positionsShared explorationLock speedFull tech treeHidden civsTurbo modeCheats
Victory
Defeat
🇳🇱 Mongols · Netherlands
1140
+16
🇺🇸 Varangians · United States
1149
-16
HarryHijskraan
3:16 Loom
10:52 Feudal Age
11:46 Horse Collar
14:55 Town Watch
17:25 Castle Age
18:19 Fletching
20:10 Bodkin Arrow
24:03 Padded Archer Armor
27:25 Bloodlines
27:55 Double-Bit Axe
29:22 Ballistics
29:36 Husbandry
31:00 Scale Barding Armor
31:06 Forging
32:40 Wheelbarrow
34:00 Chain Barding Armor
38:42 Imperial Age
36:30 Hand Cart
36:19 Town Patrol
36:38 Leather Archer Armor
37:01 Iron Casting
37:03 Heavy Plow
37:14 Bow Saw
38:51 Elite Mangudai
39:35 Bracer
sksarthak
5:16 Loom
9:44 Feudal Age
11:00 Double-Bit Axe
14:45 Wheelbarrow
18:00 Castle Age
18:25 Scale Barding Armor
18:31 Forging
18:35 Bloodlines
19:06 Fletching
19:31 Horse Collar
21:44 Chain Barding Armor
21:22 Bodkin Arrow
23:29 Elite Skirmisher
28:22 Husbandry
37:33 Imperial Age
35:52 Vendel Legacy
37:12 Ballistics
38:54 Iron Casting
38:20 Padded Archer Armor
40:28 Plate Barding Armor
Connection lost

Rejoining the realm…

Still unreachable

The connection could not be restored.

Session expired

The server has moved on; the page needs a fresh start.